AoeStats
← schmeno

Arabia

506769481Analyzed
1v1 RM · 19d ago on Sep 15, 2026· 43m 58s· 2 players
Game mode
Random Map
Map size
Tiny (2 player)
Population
200
Speed
Normal
Resources
Standard
Victory
Conquest
Starting age
Dark Age
Ending age
Imperial Age
RankedLock teamsTeams togetherTeam positionsShared explorationLock speedFull tech treeHidden civsTurbo modeCheats
Victory
Defeat
🇦🇷 Franks · Argentina
1180
+16
🇺🇸 Saracens · United States
1178
-16
schmeno
11:34 Feudal Age
12:13 Double-Bit Axe
13:24 Loom
17:25 Castle Age
16:41 Bloodlines
16:26 Horse Collar
17:36 Scale Barding Armor
20:45 Husbandry
23:58 Bow Saw
24:46 Stone Mining
28:15 Gold Mining
31:07 Imperial Age
29:07 Fletching
29:50 Bodkin Arrow
30:44 Padded Archer Armor
30:44 Crossbowman
31:23 Heavy Camel Rider
33:06 Ballistics
34:10 Counterweights
35:14 Bracer
36:52 Chemistry
37:20 Arbalester
38:46 Leather Archer Armor
39:46 Wheelbarrow
39:37 Thumb Ring
40:46 Ring Archer Armor
IzzyPizzy
6:32 Loom
8:51 Feudal Age
9:55 Double-Bit Axe
14:08 Wheelbarrow
18:12 Castle Age
16:47 Stone Mining
17:03 Scale Mail Armor
18:02 Forging
17:43 Fletching
17:52 Gold Mining
19:57 Chain Mail Armor
27:11 Squires
29:40 Hand Cart
29:11 Town Watch
29:26 Gambesons
30:37 Gold Shaft Mining
31:13 #83
30:42 Arson
32:34 Iron Casting
31:56 Bodkin Arrow
33:06 Bow Saw
36:01 Imperial Age
36:04 Elite Throwing Axeman
37:27 Plate Mail Armor
38:26 Chemistry
39:19 Conscription
40:32 Town Patrol
Connection lost

Rejoining the realm…

Still unreachable

The connection could not be restored.

Session expired

The server has moved on; the page needs a fresh start.